 Dungeon Sprint DCSS version 0.18-a0-1323-g706dcef (webtiles) character file.

1423 Kidiri the Covert (level 8, -9/42 HPs)
             Began as a Spriggan Enchanter on Feb 15, 2016.
             Mangled by a skeletal warrior
             ... wielding a +0 hand axe
              (20 damage)
             ... in the Dungeon (Sprint II: "The Violet Keep of Menkaure").
             The game lasted 00:03:13 (617 turns).

Kidiri the Covert (Spriggan Enchanter)               Turns: 617, Time: 00:03:13

Health: -9/42      AC:  3    Str:  4      XL:     8   Next: 44%
Magic:  9/22       EV: 27    Int: 17 (18) God:
Gold:   972        SH:  0    Dex: 17      Spells: 5 memorised, 14 levels left

rFire  . . .     SeeInvis +     a - +1 dagger
rCold  . . .     Gourm    .     b - +1 robe
rNeg   . . .     Faith    .     (shield restricted)
rPois  .         Spirit   .     (helmet restricted)
rElec  .         Dismiss  .     (no cloak)
rCorr  .         Reflect  .     (gloves unavailable)
SustAt .         Harm     .     (boots unavailable)
MR     +....     NoTele   +     (no amulet)
Stlth  ++++++....               (no ring)
                                (no ring)

@: very quick, somewhat resistant to hostile enchantments, very stealthy
A: unfitting armour, see invisible, herbivore 3, speed 3, slow metabolism 2
a: no special abilities


You were in the Dungeon.
You were not hungry.

You visited 1 branch You collected 972 gold pieces.

Inventory:

Hand Weapons
 a - a +1 dagger (weapon)
Armour
 b - a +1 robe (worn)
Scrolls
 j - a scroll of blinking
Potions
 e - a potion of curing
 f - a potion of heal wounds
 g - a potion of haste
 h - 2 potions of magic
Books
 c - a book of Maledictions

   Spells                             Type                      Level
   a - Corona                         Hexes                        1
   b - Ensorcelled Hibernation        Hexes/Ice                    2
   c - Confuse                        Hexes                        3
   d - Tukima's Dance                 Hexes                        3
   e - Dazzling Spray                 Conjuration/Hexes            3
Comestibles
 d - a bread ration


   Skills:
 + Level 4.3 Fighting
 * Level 8.5 Short Blades
 + Level 4.0 Armour
 * Level 11.3 Dodging
 * Level 12.5 Stealth
 * Level 9.7 Spellcasting
 + Level 2.4 Conjurations
 + Level 7.5 Hexes
 + Level 2.7 Ice Magic


You had 14 spell levels left.
You knew the following spells:

 Your Spells              Type           Power        Failure   Level  Hunger
a - Corona                Hex            ####...      1%          1    None
b - Ensorcelled Hibernat  Hex/Ice        ####..       1%          2    None
c - Confuse               Hex            ####....     1%          3    None
d - Tukima's Dance        Hex            ####....     1%          3    None
e - Dazzling Spray        Conj/Hex       ####....     4%          3    None


Dungeon Overview and Level Annotations

Branches:
Dungeon (1/1)

Altars:

Shops:
D =[[!

Annotations:
D Kirke


Innate Abilities, Weirdness & Mutations

You are tiny and cannot use many weapons and most armour.
You have supernaturally acute eyesight.
You are an herbivore.
You cover ground extremely quickly.
You need consume almost no food.


Message History

Casting: Tukima's Dance
Confirm with . or Enter, or press ? or * to list all spells.
Aiming: Tukima's Dance
Press: ? - help, Shift-Dir - straight line, f/p - skeletal warrior
Aim: a skeletal warrior, wielding a hand axe (chance to defeat MR: 24%)
The skeletal warrior resists with almost no effort.
The skeletal warrior hits you with a hand axe!!
Ouch! That really hurt!
* * * LOW HITPOINT WARNING * * *
Unknown command.
You hit the skeletal warrior but do no damage.
The skeletal warrior misses you.
Unknown command.
You barely miss the skeletal warrior. You barely miss the skeletal warrior.
The skeletal warrior completely misses you.
You closely miss the skeletal warrior.
You hit the skeletal warrior but do no damage.
The skeletal warrior hits you with a hand axe!!
You die... ##≈§§§§§§## ##.§≈§§§§§§## # +≈≈§§§§§§≈§§# YK####§§§z§§§§§ cz.≈##§zzzzz

####≈≈#5zz#+++##
###≈≈≈§zczz....#
.∩#≈≈≈5K##z##..#
∩.#≈≈≈≈##.#@##.####
.∩#≈≈≈≈#..#..#....#
∩.#≈≈####.#.####..##
..#≈##.###+###.##..#
..#≈#...##.##.#.#..#
..+
+.##+.<.%###+..### ..
#...##.##.#.#...§###.
##.###'###.##......≈≈
######.####≈≈..§..≈#


You could see a yaktaur captain, a skeletal warrior, 8 flying skulls and a white
imp.

Vanquished Creatures
  2 boulder beetles (D)
  2 hippogriffs (D)
  3 neqoxecs (D)
  4 necrophages (D)
  A crocodile (D)
12 creatures vanquished.

Vanquished Creatures (others)
  A neqoxec (D)
  Menkaure (D)
  A crocodile (D)
3 creatures vanquished.

Grand Total: 15 creatures vanquished

Notes
Turn   | Place    | Note
--------------------------------------------------------------
     0 | D        | Kidiri the Spriggan Enchanter began the quest for the Orb.
     0 | D        | Reached XP level 1. HP: 9/9 MP: 5/5
     1 | D        | Noticed a necrophage
     1 | D        | Noticed a necrophage
     1 | D        | Noticed a necrophage
     1 | D        | Noticed a necrophage
    10 | D        | Killed a necrophage
    10 | D        | Reached skill level 1 in Fighting
    10 | D        | Reached skill level 1 in Armour
    10 | D        | Reached skill level 5 in Dodging
    10 | D        | Reached skill level 7 in Stealth
    10 | D        | Reached XP level 2. HP: 11/15 MP: 5/8
    10 | D        | Reached XP level 3. HP: 13/18 MP: 6/10
    10 | D        | Reached XP level 4. HP: 16/23 MP: 6/11
    14 | D        | Killed a necrophage
    14 | D        | Reached skill level 8 in Stealth
    14 | D        | Reached skill level 5 in Hexes
    14 | D        | Reached XP level 5. HP: 18/27 MP: 6/14
    20 | D        | Killed a necrophage
    20 | D        | Reached skill level 5 in Short Blades
    20 | D        | Reached skill level 9 in Stealth
    32 | D        | Killed a necrophage
    32 | D        | Reached XP level 6. HP: 14/32 MP: 6/17
    39 | D        | Learned a level 2 spell: Ensorcelled Hibernation
    43 | D        | Learned a level 3 spell: Confuse
    47 | D        | Learned a level 3 spell: Tukima's Dance
    51 | D        | Learned a level 3 spell: Dazzling Spray
    67 | D        | Killed Menkaure
   309 | D        | Noticed a hippogriff
   309 | D        | Noticed a hippogriff
   312 | D        | Noticed a neqoxec
   316 | D        | Noticed a boulder beetle
   316 | D        | Noticed a boulder beetle
   326 | D        | Killed a hippogriff
   326 | D        | Reached skill level 10 in Stealth
   326 | D        | Reached skill level 1 in Ice Magic
   328 | D        | Killed a hippogriff
   328 | D        | Reached skill level 1 in Conjurations
   328 | D        | Reached XP level 7. HP: 29/36 MP: 10/19
   404 | D        | Killed a boulder beetle
   404 | D        | Reached skill level 10 in Dodging
   404 | D        | Reached skill level 11 in Stealth
   443 | D        | Killed a boulder beetle
   456 | D        | Killed a neqoxec
   456 | D        | Reached skill level 12 in Stealth
   456 | D        | Reached XP level 8. HP: 42/42 MP: 22/22
   584 | D        | Noticed a flying skull
   587 | D        | Noticed a flying skull
   587 | D        | Noticed a flying skull
   589 | D        | Noticed a flying skull
   589 | D        | Noticed a flying skull
   589 | D        | Noticed a flying skull
   589 | D        | Noticed a flying skull
   590 | D        | Noticed a flying skull
   590 | D        | Noticed a flying skull
   590 | D        | Noticed a flying skull
   590 | D        | Noticed a flying skull
   591 | D        | Noticed a flying skull
   592 | D        | Found Imosin's Antique Armour Shoppe.
   592 | D        | Found Vourey's Distillery.
   592 | D        | Noticed Kirke
   592 | D        | Noticed a yaktaur captain
   592 | D        | Noticed a skeletal warrior
   594 | D        | Found Leweupon's Jewellery Shoppe.
   594 | D        | Found Unga's Armour Emporium.
   594 | D        | Noticed a centaur warrior
   595 | D        | Noticed an elephant
   595 | D        | Noticed a kobold demonologist
   617 | D        | Mangled by a skeletal warrior

Vault maps used:
D:        the_violet_keep_of_menkaure

Action                   |  1- 3 |  4- 6 |  7- 9 || total
-------------------------+-------+-------+-------++-------
Melee: Dagger            |     8 |    23 |    16 ||    47
 Cast: Corona            |       |     1 |       ||     1
       Ensorcelled Hiber |       |     4 |     8 ||    12
       Confuse           |       |       |     4 ||     4
       Tukima's Dance    |       |       |     3 ||     3
  Use: Potion            |     1 |       |       ||     1
 Stab: Sleeping          |       |     2 |     5 ||     7
       Confused          |       |       |     3 ||     3
